 Dungeon Crawl Stone Soup version 0.21.1-1-g345015f (webtiles) character file.

2124 yevrey the Insei (level 9, -2/70 (71) HPs)
             Began as a Purple Draconian Transmuter on Apr 9, 2018.
             Was a Believer of Sif Muna.
             Slain by an orc warrior
             ... wielding a +0 hand axe
              (19 damage)
             ... on level 6 of the Dungeon.
             The game lasted 00:22:26 (7312 turns).

yevrey the Insei (Purple Draconian Transmuter)      Turns: 7312, Time: 00:22:27

HP:   -2/70 (71)    AC:  2    Str: 12    XL:     9   Next: 8%
MP:   16/18         EV: 26    Int: 17    God:    Sif Muna [**....]
Gold: 241           SH:  0    Dex: 22    Spells: 15/21 levels left

rFire    . . .     SeeInvis .     - Unarmed
rCold    . . .     Gourm    .   (shield currently unavailable)
rNeg     + . .     Faith    .   (armour unavailable)
rPois    x         Spirit   .   (helmet currently unavailable)
rElec    .         Reflect  .   (cloak currently unavailable)
rCorr    +         Harm     .   (gloves currently unavailable)
MR       +....                  (boots currently unavailable)
Stlth    +++.......             (no amulet)
HPRegen  0.21/turn              j - ring of resist corrosion
MPRegen  0.16/turn              t - ring of positive energy

@: agile, spider-form (expiring)
A: tiny, (breathe power), unfitting armour, AC +7
a: End Transformation, Divine Energy, Renounce Religion


You were on level 6 of the Dungeon.
You worshipped Sif Muna.
Sif Muna was pleased with you.
You were very hungry.
You were a venomous arachnid creature.
You visited 2 branches of the dungeon, and saw 8 of its levels.

You collected 241 gold pieces.

Inventory:

Hand Weapons
 u - a +4 quarterstaff of chaos
 y - a +0 blowgun
Missiles
 a - 28 arrows
 F - 15 poisoned needles
Armour
 v - a +2 cloak (melded)
 B - a +0 pair of boots (melded)
Magical Staves
 g - an uncursed staff of conjuration
Jewellery
 j - a ring of resist corrosion (left front leg)
 n - an uncursed amulet of the gourmand
 t - a ring of positive energy (right front leg)
Wands
 x - a wand of random effects (11)
Scrolls
 e - 4 scrolls of remove curse
 h - a scroll of noise {unknown}
 k - a scroll of immolation {unknown}
 l - 7 scrolls of identify {unknown}
 o - a scroll of amnesia {unknown}
 q - 2 scrolls of enchant armour {unknown}
 r - 2 scrolls of magic mapping {unknown}
 s - 5 scrolls of enchant weapon
 D - 2 scrolls of teleportation {unknown}
Potions
 d - a potion of agility
 f - 2 potions of haste {unknown}
 i - 2 potions of mutation {unknown}
 m - 2 potions of flight {unknown}
 p - a potion of lignification {unknown}
 w - 2 potions of invisibility {unknown}
 z - a potion of heal wounds {unknown}
 A - 3 potions of magic {unknown}
 C - a potion of brilliance {unknown}
 E - a potion of curing {unknown}
Books
 b - a book of Changes

   Spells                             Type                      Level
   a - Beastly Appendage              Transmutation                1
   b - Sticks to Snakes               Transmutation                2
   c - Spider Form                    Transmutation/Poison         3
   d - Ice Form                       Ice/Transmutation            4
   e - Blade Hands                    Transmutation                5
Comestibles
 c - 11 rations


   Skills:
 + Level 4.2 Fighting
 + Level 2.6 Dodging
 + Level 1.0 Stealth
 + Level 7.6 Unarmed Combat
 * Level 6.5 Spellcasting
 + Level 5.2 Transmutations
 + Level 3.8 Poison Magic


You had 15 spell levels left.
You knew the following spells:

 Your Spells              Type           Power        Failure   Level  Hunger
a - Beastly Appendage     Tmut           ###...       6%          1    None
b - Sticks to Snakes      Tmut           ###.....     8%          2    None
c - Spider Form           Tmut/Pois      ###.......   16%         3    ##.....


Dungeon Overview and Level Annotations

Branches:
Dungeon (7/15)             Temple (1/1) D:4

Altars:
Ashenzari
Cheibriados
Dithmenos
Elyvilon
Fedhas
Hepliaklqana
Nemelex Xobeh
Okawaru
Qazlal
Ru
Sif Muna
Trog
Vehumet
Wu Jian
Xom
Yredelemnul


Innate Abilities, Weirdness & Mutations

((You can breathe bolts of dispelling energy.))
((Your rich purple scales are hard. (AC +7)))
You cannot fit into any form of body armour.
((You are cold-blooded and may be slowed by cold attacks.))


Message History

You hit the kobold.
You kill the kobold!
Sif Muna accepts your kill.
You hit the orc warrior.
The orc warrior is poisoned.
The orc warrior is lightly wounded.
The orc warrior completely misses you.
You barely miss the orc warrior.
The orc warrior is lightly wounded.
Your transformation is almost over.
The orc warrior hits you with a hand axe!
You hit the orc warrior but do no damage.
The orc warrior looks as sick as possible!
The orc warrior is lightly wounded.
The orc warrior hits you with a hand axe!
* * * LOW HITPOINT WARNING * * *
You closely miss the orc warrior.
The orc warrior is lightly wounded.
You feel agile all of a sudden.
The orc warrior hits you with a hand axe!!
You die...

#....#.##.#.......#.#.####..# ##
#.####......##.##)#.#.# #..# .#
#.# #..#......##.#.#.# #..# .#
#.# #..#.#######.#.#.# #..#
.###.####.....#......#>#.####..#
.#.........#.......oK(†........##
.##..########.##K#####†#.........
.##...........##o# ###.##########
.##.####...#####s###.......# #
..#.#..#...##..............# #
..#.#..#...##....###.......# #
..#.#..#...##....# ######### #
..#.#..#...##....#### #
..#.#..#...##.......# #
###.#..######.......# #
..#.#..######.......## #
#.#.#..#.............# #


You could see an orc warrior and a kobold.

Vanquished Creatures
  2 sky beasts
  2 orc warriors
  2 phantoms (D:4)
  A necrophage (D:5)
  A centaur (D:6)
  3 ogres
  A big kobold (D:6)
  A scorpion (D:6)
  2 howler monkeys
  6 crimson imps
  2 bullfrog zombies (D:5)
  3 hounds
  A jelly (D:6)
  A centaur zombie (D:5)
  4 orc priests
  2 orc wizards
  Crazy Yiuf (D:3)
  A centaur skeleton (D:7)
  An iguana (D:3)
  3 worker ants
  A hound zombie (D:6)
  A hound skeleton (D:6)
  7 adders
  A shadow imp (D:6)
  2 oozes
  2 adder skeletons
  A worm (D:4)
  2 dart slugs
  8 leopard geckos
  12 orcs
  2 ball pythons
  7 bats
  8 giant cockroaches
  11 goblins
  7 hobgoblins
  5 jackals
  10 kobolds
  4 quokkas
  2 frilled lizards
  A quokka skeleton (D:5)
  5 rats
139 creatures vanquished.

Vanquished Creatures (collateral kills)
  A jelly (D:6)
1 creature vanquished.

Grand Total: 140 creatures vanquished

Notes
Turn   | Place    | Note
-------+----------+-------------------------------------------
     0 | D:1      | yevrey the Draconian Transmuter began the quest for the Orb.
     0 | D:1      | Reached XP level 1. HP: 16/16 MP: 3/3
    65 | D:1      | Reached XP level 2. HP: 18/23 MP: 3/5
    70 | D:1      | Learned a level 2 spell: Sticks to Snakes
   458 | D:1      | Reached XP level 3. HP: 24/29 MP: 4/6
   475 | D:1      | Learned a level 3 spell: Spider Form
   965 | D:3      | Reached XP level 4. HP: 21/36 MP: 7/7
  1184 | D:2      | Found an ornate altar of the Wu Jian Council.
  1629 | D:3      | Reached skill level 1 in Poison Magic
  1706 | D:3      | Reached skill level 4 in Unarmed Combat
  2056 | D:3      | Reached XP level 5. HP: 42/42 MP: 6/9
  2100 | D:5      | Entered Level 5 of the Dungeon
  2149 | D:4      | Noticed an ogre
  2163 | D:4      | Killed an ogre
  2345 | D:4      | Found a staircase to the Ecumenical Temple.
  2349 | D:4      | Noticed a phantom
  2354 | Temple   | Entered the Ecumenical Temple
  2452 | Temple   | Became a worshipper of Sif Muna the Loreminder
  2492 | D:4      | Found a radiant altar of Vehumet.
  2653 | D:4      | Noticed a phantom
  2667 | D:4      | Found a white marble altar of Elyvilon.
  2688 | D:4      | Killed a phantom
  2688 | D:4      | Reached XP level 6. HP: 19/51 MP: 6/10
  3221 | D:5      | Reached skill level 5 in Unarmed Combat
  3221 | D:5      | Your scales start taking on a rich purple colour.
  3221 | D:5      | Reached XP level 7. HP: 40/58 MP: 9/13
  3905 | D:3      | Found a snail-covered altar of Cheibriados.
  4002 | D:3      | Found a runed door.
  4006 | D:3      | Noticed Crazy Yiuf
  4013 | D:3      | Killed Crazy Yiuf
  4219 | D:5      | Found a blossoming altar of Fedhas.
  4245 | D:5      | Found a stormy altar of Qazlal.
  4317 | D:5      | Reached skill level 5 in Spellcasting
  4406 | D:5      | Reached * piety under Sif Muna
  4444 | D:5      | Found a shimmering altar of Xom.
  4589 | D:5      | Reached skill level 6 in Unarmed Combat
  4589 | D:5      | Reached XP level 8. HP: 56/65 MP: 13/15
  4655 | D:5      | Found a shadowy altar of Dithmenos.
  5680 | D:6      | Found a shadowy altar of Dithmenos.
  5810 | D:6      | Reached skill level 7 in Unarmed Combat
  6550 | D:7      | Reached ** piety under Sif Muna
  6559 | D:7      | Reached skill level 1 in Stealth
  6559 | D:7      | Reached XP level 9. HP: 10/70 MP: 15/18
  6576 | D:7      | Reached skill level 5 in Transmutations
  7312 | D:6      | Slain by an orc warrior

Skill      XL: |  1  2  3  4  5  6  7  8  9 |
---------------+----------------------------+-----
Fighting       | 2 3 4 |  4.2
Poison Magic   | 1 2 3 |  3.8
Unarmed Combat | 4 5 6 7 |  7.6
Spellcasting   | 3 4 5 6 |  6.5
Transmutations | 3 4 5 |  5.2
Dodging        | 2 |  2.6
Stealth        | 1 |  1.0

Action                   |  1- 3 |  4- 6 |  7- 9 || total
-------------------------+-------+-------+-------++-------
Melee: Unarmed           |   127 |   128 |   273 ||   528
       Kick              |     8 |     4 |     1 ||    13
       Tailslap          |     5 |     7 |     9 ||    21
       Headbutt          |     7 |     5 |    13 ||    25
       Punch             |     1 |     1 |     1 ||     3
 Cast: Beastly Appendage |    15 |     9 |    14 ||    38
       Sticks to Snakes  |     1 |     7 |     2 ||    10
       Spider Form       |     3 |    13 |    26 ||    42
 Abil: End Transformatio |     1 |     1 |    16 ||    18
       Breathe Dispellin |       |       |     1 ||     1
Evoke: Wand              |       |       |     2 ||     2
  Use: Scroll            |     2 |       |     3 ||     5
       Potion            |       |       |     2 ||     2
 Stab: Sleeping          |     1 |     1 |     1 ||     3
  Eat: Chunk             |     1 |     7 |    14 ||    22
       Ration            |       |     1 |       ||     1
Armor: Skin              |    52 |    19 |    35 ||   106
Dodge: Dodged            |    87 |    79 |   208 ||   374
